 Dungeon Crawl Stone Soup version 0.27-a0-1177-g245c70e1c0 (webtiles) character file.

Game seed: 3298586146708126583

690 polve the Ruffian (level 7, -14/66 HPs)
             Began as a Troll Fighter on May 16, 2021.
             Demolished by an ogre
             ... wielding a +0 giant spiked club
              (30 damage)
             ... on level 4 of the Dungeon.
             The game lasted 00:02:33 (2568 turns).

polve the Ruffian (Troll Fighter)                   Turns: 2568, Time: 00:02:34

Health: -14/66     AC:  5    Str: 33    XL:     7   Next: 36%
Magic:  6/6        EV:  8    Int:  4    God:
Gold:   117        SH: 10    Dex:  9    Spells: 6/6 levels left

rFire    x . .     SeeInvis .     - Unarmed
rCold    + . .     Faith    .   b - +0 kite shield
rNeg     . . .     Spirit   .   a - +0 robe
rPois    .         Reflect  .   (helmet restricted)
rElec    .         Harm     .   o - +0 cloak
rCorr    .         Rampage  .   (gloves unavailable)
Will     .....                  (boots unavailable)
Stlth    +.........             (no amulet)
HPRegen  1.21/turn              k - +6 ring of strength
MPRegen  0.10/turn              l - ring of ice

@: no status effects
A: large, unfitting armour, claws 3, regeneration 1, shaggy fur 1, tough skin 1
a: no special abilities


You were on level 4 of the Dungeon.
You visited 1 branch of the dungeon, and saw 4 of its levels.

You collected 117 gold pieces.

Inventory:

Missiles
 j - a curare-tipped dart (quivered)
Armour
 a - a +0 robe (worn)
 b - a +0 kite shield (worn)
 o - a +0 cloak (worn)
Jewellery
 k - a +6 ring of strength (left claw)
 l - a ring of ice (right claw)
Wands
 q - a wand of polymorph (8)
Scrolls
 d - 3 scrolls of immolation {unknown}
 g - a scroll of enchant armour {unknown}
 i - a scroll of fear {unknown}
 n - a scroll of enchant weapon {unknown}
Potions
 c - a potion of might
 e - a potion of berserk rage {unknown}
 f - a potion of degeneration {unknown}
 h - 2 potions of curing {unknown}
 m - 3 potions of heal wounds {unknown}
 p - 2 potions of invisibility {unknown}
 r - a potion of brilliance {unknown}
 s - a potion of attraction {unknown}


   Skills:
 - Level 2.4 Fighting
 - Level 2.4 Dodging
 + Level 5.3 Shields
 + Level 6.0 Unarmed Combat


You had 6 spell levels left.
You didn't know any spells.
Your spell library was empty.

Dungeon Overview and Level Annotations

Branches:
Dungeon (4/15)
 Temple: D:4-7

Altars:

Shops:
D:3 [   D:4 =


Innate Abilities, Weirdness & Mutations

You are too large for most types of armour.
You have claws for hands.
Your natural rate of healing is unusually fast.
You are covered in fur. (AC +1)
You have tough skin. (AC +1)


Message History

The endoplasm is severely wounded.
The hound bites you. The endoplasm hits you.
You claw the endoplasm!
You kill the endoplasm!
You block the hound's attack. The hound bites you.
You closely miss the hound. You block the hound's attack. The hound bites you.
You claw the hound!
The hound is almost dead.
The hound bites you but does no damage.
You mangle the hound!!
You kill the hound!
No target in view!
No target in view!
No target in view!
An ogre comes into view. It is wielding a +0 giant spiked club.
The ogre shouts!
An ogre is nearby!
An ogre is nearby!
An ogre is nearby!
The ogre closely misses you.
You scratch the ogre.
The ogre is lightly wounded.
The ogre hits you with a +0 giant spiked club!
You are too injured to fight recklessly!
You are too injured to fight recklessly!
You are too injured to fight recklessly!
You are too injured to fight recklessly!
You barely miss the ogre.
The ogre is lightly wounded.
The ogre hits you with a +0 giant spiked club!!
You closely miss the ogre.
The ogre is lightly wounded.
You scratch the ogre but do no damage.
The ogre is lightly wounded.
The ogre hits you with a +0 giant spiked club!
* * * LOW HITPOINT WARNING * * *
You barely miss the ogre.
The ogre is lightly wounded.
The ogre hits you with a +0 giant spiked club!!
You die...

.###.#.# ##.#.##.#.##.######.#
..##.#.####.#.##.#.##........#
.....#......#.##.#.##....≈####
#.#..#..###.#.##.#....÷.≈.#
........# #........#...≈≈≈≈≈≈≈
#..♣###†###.#####....P≈≈≈≈≈≈≈#
#♣.∩.♣#.....# #....≈≈≈≈≈≈###
#.#♣......### ##O≈.P≈≈≈≈≈##
#.######### ##@.≈≈≈≈≈≈≈... #.#
###...≈≈≈≈≈≈≈≈... #.#
#....≈P≈≈≈.≈≈..#.
#.###########..P≈.≈≈≈≈....
#..............≈≈P≈≈≈≈≈..
#.###########...≈≈≈≈≈≈≈.. #.#
#..≈≈≈≈≈≈≈... #.#
#..≈P≈≈≈≈≈... ..#
#..≈≈≈≈≈≈....


You could see an ogre.

Vanquished Creatures
  An ogre (D:4)
  A kobold brigand (D:2)
  4 wights (D:4)
  2 hounds (D:4)
  3 orc priests
  Crazy Yiuf (D:2)
  A bullfrog skeleton (D:4)
  2 orc wizards (D:4)
  A gnoll (D:1)
  3 adders
  A worm (D:3)
  A dart slug (D:3)
  3 orcs
  7 endoplasms
  3 giant cockroaches
  7 hobgoblins
  8 jackals
  A quokka (D:1)
  4 ball pythons
  5 bats
  3 frilled lizards
  12 goblins
  4 kobolds
  6 rats
  A bush (D:2)
85 creatures vanquished.

Vanquished Creatures (others)
  9 plants (D:4)
9 creatures vanquished.

Grand Total: 94 creatures vanquished

Notes
Turn   | Place    | Note
-------+----------+-------------------------------------------
     0 | D:1      | polve the Troll Fighter began the quest for the Orb.
     0 | D:1      | Reached XP level 1. HP: 22/22 MP: 0/0
   302 | D:1      | Reached XP level 2. HP: 25/29 MP: 1/1
   515 | D:1      | Reached skill level 3 in Unarmed Combat
   515 | D:1      | Reached XP level 3. HP: 36/36 MP: 2/2
  1124 | D:2      | Noticed a kobold brigand
  1131 | D:2      | Killed a kobold brigand
  1132 | D:2      | Reached XP level 4. HP: 35/44 MP: 3/3
  1184 | D:2      | Found a runed translucent door.
  1185 | D:2      | Noticed Crazy Yiuf
  1655 | D:2      | Killed Crazy Yiuf
  1656 | D:2      | Reached skill level 4 in Unarmed Combat
  1656 | D:2      | Reached XP level 5. HP: 50/50 MP: 4/4
  1845 | D:3      | Found Ohyjeren's Antique Armour Emporium.
  2094 | D:3      | Found a faded altar of an unknown god.
  2165 | D:4      | Reached XP level 6. HP: 51/59 MP: 5/5
  2223 | D:4      | Reached skill level 5 in Unarmed Combat
  2308 | D:4      | Found Nicifuag's Jewellery Shoppe.
  2481 | D:4      | Reached skill level 5 in Shields
  2481 | D:4      | Reached XP level 7. HP: 66/66 MP: 6/6
  2493 | D:4      | Reached skill level 6 in Unarmed Combat
  2568 | D:4      | Demolished by an ogre

Illustrated notes

Levels and vault maps discovered:
D:1:      psy_arrival_basics, layout_basic
D:2:      layout_rooms, minmay_strange_pillars, kennysheep_small_spiral,
          minmay_hedge_maze, uniq_crazy_yiuf_cottage
D:3:      layout_rooms, serial_shops, shop_fountains,
          chequers_ecumenical_altar_twisty
D:4:      layout_loops_ring, serial_shops, nicolae_shop_trees,
          chequers_big_river, st_stairs_9

Skill      XL: |  1  2  3  4  5  6  7 |
---------------+----------------------+-----
Unarmed Combat | 3 4 5 6 |  6.0
Shields        | 3 4 5 |  5.3
Fighting       | |  2.4
Dodging        | |  2.4

Action                   |  1- 3 |  4- 6 |  7- 9 || total
-------------------------+-------+-------+-------++-------
Melee: Unarmed           |    83 |   151 |    21 ||   255
 Stab: Sleeping          |     1 |       |       ||     1
Armor: Robe              |    19 |    37 |     2 ||    58
Dodge: Dodged            |    25 |    34 |     3 ||    62
Block: Kite shield       |    39 |    52 |     5 ||    96

Table legend: (Time is in decaauts)
 A = Elapsed time spent in this place.
 B = Non-inter-level travel time spent in this place.
 C = Inter-level travel time spent in this place.
 D = Time resting spent in this place.
 E = Time spent auto-exploring this place.
 F = Levels seen in this place.
 G = Mean time per level.
                   A        B        C        D        E       F      G
               +--------+--------+--------+--------+--------+-----+--------+
         Total |   2595 |   2492 |    103 |      0 |   1946 |   4 |  648.8 |
       Dungeon |   2595 |   2492 |    103 |      0 |   1946 |   4 |  648.8 |
               +--------+--------+--------+--------+--------+-----+--------+

Top non-repeatable levels by time:
     D:1: 908 daAuts
     D:2: 833 daAuts
     D:3: 441 daAuts
     D:4: 412 daAuts
